 Dungeon Crawl Stone Soup version 0.27.1-34-g3ba077fa99 (webtiles) character file.

Game seed: 11202289221444865878

5 growler the Sneak (level 1, -5/17 (18) HPs)
             Began as a Human Delver on Jan 12, 2022.
             Slain by a necrophage (6 damage)
             ... on level 4 of the Dungeon.
             The game lasted 00:02:05 (199 turns).

growler the Sneak (Human Delver)                     Turns: 199, Time: 00:02:05

HP:   -5/17 (18)    AC:  3    Str: 12    XL:     1   Next: 88%
MP:   1/1           EV: 12    Int: 10    God:
Gold: 9             SH:  0    Dex: 14    Spells: 0/0 levels left

rFire    . . .     SeeInvis .   a - +0 short sword
rCold    . . .     Faith    .   (no shield)
rNeg     . . .     Spirit   .   b - +0 leather armour
rPois    .         Reflect  .   (no helmet)
rElec    .         Harm     .   (no cloak)
rCorr    .         Rampage  .   (no gloves)
Will     .....                  (no boots)
Stlth    +++.......             (no amulet)
HPRegen  0.05/turn              (no ring)
MPRegen  0.07/turn              (no ring)

@: drained
A: no striking features
a: no special abilities


You were on level 4 of the Dungeon.
You visited 1 branch of the dungeon, and saw 2 of its levels.

You collected 9 gold pieces.

Inventory:

Hand Weapons
 a - a +0 short sword (weapon)
Armour
 b - a +0 leather armour (worn)
 d - a +0 pair of boots
   (You found it on level 4 of the Dungeon)
Wands
 v - a wand of digging (2)
Scrolls
 c - a scroll of fog
 e - a scroll of fear
Potions
 f - a potion of haste {@q3}


   Skills:
 + Level 3.1 Fighting
 + Level 2.1 Short Blades
 + Level 2.1 Dodging
 - Level 5.0 Stealth


You couldn't memorise any spells.
You didn't know any spells.
Your spell library was empty.

Dungeon Overview and Level Annotations

Branches:
Dungeon (5/15)
 Temple: D:4-7

Altars:
Zin


Message History

Found a scale mail.
The helpless hobgoblin fails to defend itself.
You puncture the hobgoblin!
You kill the hobgoblin!
You see here a hobgoblin corpse.
A quokka, a jackal and a necrophage come into view.
The quokka closely misses you.
The quokka bites you but does no damage.
You closely miss the quokka.
The quokka bites you but does no damage.
The necrophage hits you. The quokka barely misses you.
Found a pair of boots.
The quokka bites you but does no damage.
A kobold comes into view. It is wielding a +0 short sword.
Found a stone staircase leading up.
The quokka bites you but does no damage.
You see here a +0 pair of boots.
The jackal misses you.
The quokka bites you but does no damage.
The jackal closely misses you. The jackal barely misses you.
You hit the jackal. The jackal bites you.
You hit the jackal.
You kill the jackal!
You hit the quokka but do no damage. The quokka closely misses you.
You barely miss the quokka. The quokka bites you.
You hit the quokka. The quokka barely misses you. The quokka bites you.
You hit the quokka.
You kill the quokka!
You see here a quokka corpse.
You see here a +0 pair of boots.
d - a +0 pair of boots
There is a stone staircase leading up here.
The necrophage hits you.
There is a stone staircase leading up here.
The necrophage closely misses you.
You see here a quokka corpse.
You barely miss the necrophage. The necrophage hits you.
* * * LOW HITPOINT WARNING * * *
You feel drained.
You barely miss the necrophage. The necrophage closely misses you.
You hit the necrophage. The necrophage closely misses you.
You hit the necrophage. The necrophage hits you.
* * * LOW HITPOINT WARNING * * *
You hit the necrophage. The necrophage barely misses you.
You barely miss the necrophage.
The necrophage hits you but does no damage.
You hit the necrophage. The necrophage hits you.
You die...

#######.#.### ####
#.......#
##.#.##..##
#....<....#
#..#.....##
########..##....#
#.....##........#
#..#..##.......#..
#n###.@n.###.......
#..#..####
#...#.... #.....#
#.####### #######


You could see a necrophage.

Vanquished Creatures
  A hobgoblin (D:4)
  2 jackals (D:4)
  A quokka (D:4)
4 creatures vanquished.

Notes
Turn   | Place    | Note
-------+----------+-------------------------------------------
     0 | D:5      | growler the Human Delver began the quest for the Orb.
     0 | D:5      | Reached XP level 1. HP: 18/18 MP: 1/1
    13 | D:5      | Found a glowing silver altar of Zin.
   124 | D:4      | Noticed a necrophage
   199 | D:4      | Slain by a necrophage

Illustrated notes

Levels and vault maps discovered:
D:4:      layout_loops_cross, minmay_mini_ossuary
D:5:      layout_cave_pods, zin_academy, uniq_edmund

Action                   || total
-------------------------++-------
Melee: Short sword       ||    21
Evoke: Wand              ||     1
  Use: Scroll            ||     1
 Stab: Sleeping          ||     1
Armor: Leather armour    ||     7
Dodge: Dodged            ||    14
